 Dungeon Crawl Stone Soup version 0.26-a0-651-gb41185065b (webtiles) character file.

Game seed: 15269063307398881687

225394 Flugslaktarn the Severer (level 18, -16/144 HPs)
             Began as a Deep Dwarf Fighter on Oct 11, 2020.
             Was the Champion of Makhleb.
             Killed from afar by a lich (68 damage)
             ... with an iron shot
             ... on level 5 of the Abyss.
             The game lasted 00:15:13 (18292 turns).

Flugslaktarn the Severer (Deep Dwarf Fighter)      Turns: 18292, Time: 00:15:14

Health: -16/144    AC: 26    Str: 19      XL:     18   Next: 18%
Magic:  6/6        EV:  9    Int:  9 (10) God:    Makhleb [******]
Gold:   1614       SH: 21    Dex: 19      Spells: 17/17 levels left

rFire    + + +     SeeInvis .   b - +8 war axe (elec)
rCold    . . .     Faith    .   H - +2 tower shield
rNeg     + + .     Spirit   .   Q - +4 plate armour {rF+}
rPois    +         Reflect  .   e - +0 helmet
rElec    .         Harm     .   K - +2 ratskin cloak {*Rats rPois rN+ Str-1 Int-1 Dex+1}
rCorr    .         Rampage  .   w - +2 pair of gloves
MR       ++...     Rnd*Rage +   R - +1 pair of boots Stlth ..........Rnd*Tele +
                                (no amulet)
HPRegen  0.00/turn              f - ring of protection from fire
MPRegen  0.10/turn              o - ring of poison resistance

@: berserk cooldown, non-regenerating, slowed, lightly drained, very slow
A: damage resistance, heal wounds, berserk 1, blurry vision 1, deformed body,
fire resistance 1, frail 2, [low mp 1], negative energy resistance 1, sense
surroundings 3, screaming 2, teleportitis 1, wild magic 1, no regeneration
}: 2/15 runes: decaying, serpentine
a: Heal Wounds, Minor Destruction, Lesser Servant of Makhleb, Major Destruction,
Greater Servant of Makhleb, Renounce Religion


You were on level 5 of the Abyss.
You worshipped Makhleb.
Makhleb was exalted by your worship.
You visited 7 branches of the dungeon, and saw 31 of its levels.
You visited the Abyss 1 time.

You collected 2890 gold pieces.
You spent 1276 gold pieces at shops.

Inventory:

Hand Weapons
 a - a +6 spear of distortion
   (You took it off a gnoll sergeant on level 6 of the Dungeon)
 b - a +8 war axe of electrocution (weapon)
   (You took it off an orc on level 4 of the Dungeon)
 C - a +0 broad axe
   (You took it off an orc warrior on level 2 of the Orcish Mines)
Missiles
 p - 5 throwing nets (quivered)
Armour
 e - a +0 helmet (worn)
   (You found it on level 3 of the Dungeon)
 w - a +2 pair of gloves (worn)
   (You found it on level 9 of the Dungeon)
 H - a +2 tower shield (worn)
   (You found it on level 7 of the Dungeon)
 K - the +2 ratskin cloak (worn) {*Rats rPois rN+ Str-1 Int-1 Dex+1}
   (You bought it in a shop on level 2 of the Orcish Mines)

   It affects your strength (-1).
   It affects your intelligence (-1).
   It affects your dexterity (+1).
   It protects you from poison.
   It protects you from negative energy.
 Q - a +4 plate armour of fire resistance (worn)
   (You bought it in a shop on level 2 of the Orcish Mines)
 R - a +1 pair of boots (worn)
   (You found it on level 4 of the Snake Pit)
Jewellery
 f - a ring of protection from fire (left hand)
   (You found it on level 9 of the Dungeon)
 o - a ring of poison resistance (right hand)
   (You found it on level 3 of the Snake Pit)
 G - an uncursed amulet of faith {unknown}
   (You found it on level 4 of the Abyss)
Wands
 g - a wand of digging (5)
   (You found it on level 12 of the Dungeon)
 j - a wand of paralysis (30)
   (You found it on level 7 of the Dungeon)
 s - a wand of iceblast (27)
   (You found it on level 8 of the Dungeon)
 y - a wand of enslavement (12)
   (You found it on level 8 of the Dungeon)
 I - a wand of acid (4)
   (You found it on level 12 of the Dungeon)
Scrolls
 l - 3 scrolls of magic mapping
 r - 5 scrolls of identify
 t - 6 scrolls of teleportation
 x - 8 scrolls of remove curse
 z - 3 scrolls of blinking
 B - a scroll of vulnerability
 L - 4 scrolls of enchant armour
 M - 4 scrolls of immolation
 N - 8 scrolls of fog
 O - a scroll of brand weapon
Potions
 d - 3 potions of might
 h - 2 potions of haste
 i - 5 potions of lignification
 k - 3 potions of ambrosia {unknown}
 m - 4 potions of cancellation
 n - 4 potions of resistance
 q - 6 potions of curing
 u - 3 potions of berserk rage
 v - a potion of magic
 A - 4 potions of flight {unknown}
 D - 3 potions of invisibility
 E - a potion of heal wounds {unknown}
 J - 2 potions of mutation
Miscellaneous
 F - a condenser vane (1/2)
   (You found it on level 7 of the Dungeon)


   Skills:
 + Level 16.1 Fighting
 - Level 18.0(17.9) Axes
 + Level 14.1(14.0) Armour
 + Level 8.0(7.9) Dodging
 + Level 12.3 Shields
 - Level 15.0(14.9) Invocations
 - Level 10.0(9.9) Evocations


You had 17 spell levels left.
You didn't know any spells.
Your spell library was empty.

Dungeon Overview and Level Annotations

Branches:
Dungeon (15/15)            Temple (1/1) D:6            Lair (4/6) D:10
  Swamp (4/4) Lair:4        Snake (4/4) Lair:2          Orc (2/2) D:10
    Elf (0/3) Orc:2        Vaults (0/5) D:13         Depths (1/5) D:15

Altars:
Ashenzari
Cheibriados
Dithmenos
Elyvilon
Fedhas
Gozag
Hepliaklqana
Kikubaaqudgha
Makhleb
Nemelex Xobeh
Okawaru
Qazlal
Ru
Sif Muna
Trog
Uskayaw
Vehumet
Wu Jian
Xom
Yredelemnul
Zin
The Shining One
Beogh

Shops:
Orc:2 ?}**(

Annotations:
D:7 2 transporters, zikan's ghost, novice DsFi
Orc:2 exclusion: door


Innate Abilities, Weirdness & Mutations

You are resistant to damage.
You can heal yourself by infusing magical energy.
You resist negative energy. (rN+)
You passively map a large area around you.
You do not regenerate.
You tend to lose your temper in combat.
Scrolls take you a little longer to read.
Armour fits poorly on your strangely shaped body.
Your flesh is heat resistant. (rF+)
You are very frail. (-20% HP)
You sometimes yell uncontrollably at your foes.
You are occasionally teleported next to monsters.
Your spells are a little harder to cast, but a little more powerful.
[Your magical capacity is low. (-10% MP)]


Message History

Something hits you! Something drains your vigour!
You feel as though you will be slow longer.
You hear a grinding noise.
Your balrug hits the large abomination with a +0 demon whip of draining!
The large abomination is destroyed!
Makhleb accepts your kill.
The lich points at you and mumbles some strange words.
You are confused.
The raiju bites you but does no damage.
The starcursed mass engulfs you but does no damage.
A starcursed mass splits.
Something hits you! Something drains your vigour!
You already are as slow as you could be.
You are too injured to fight recklessly!
Evoke which item? (* to show all) (? for menu, Esc to quit)
You're too confused!
Unknown command.
You feel better.
Your balrug barely misses the raiju.
A starcursed mass splits.
The lich gestures at you while chanting.
The iron shot hits you!!!
You die... # #. . 5 ###. . ## .## *X . .# #..##.. .X. .#. . # #.#..# wX.. . # . #2.v##XwX # .. ## #h{h{# . .##..##@### .# .# .. #xpLX#

w# . ## ∩ #
#X#X##Xw.§#
. ...#
##.X.###
#... . .
#.....# . .
. ....# # #
§#) #.... .
# #.# # .#
##. . . ##
... . . .#


You could see 8 starcursed masses, an ironheart preserver (summoned, poisoned),
a tentacled starspawn, a lich, a spatial maelstrom, a wretched star, a
worldbinder, 2 raiju, 2 starspawn tentacles, an ufetubus (summoned) and a
friendly balrug (summoned).

Vanquished Creatures
  the Lernaean hydra (Swamp:4)
  2 bone dragons (Abyss:5)
  A tentacled monstrosity (Abyss:3)
  Jorgrun (D:15)
  8 tentacled starspawn
  10 nagarajas (Snake:4)
  2 cacodemons (Abyss:5)
  A balrug (Abyss:5)
  An ironheart preserver (D:13)
  A green draconian (Abyss:5)
  Snorg (Lair:4)
  2 ogre magi (D:15)
  A fire dragon (D:12)
  A crystal guardian (Abyss:5)
  Harold (D:8)
  9 naga warriors
  7 hydras (Swamp:4)
  2 rakshasas
  A ghost crab (Swamp:3)
  A satyr (shapeshifter) (D:15)
  2 anacondas
  7 centaur warriors
  2 death knights
  11 two-headed ogres
  6 alligators
  4 hell hogs
  2 tengu warriors (D:13)
  2 death yaks (Lair:4)
  9 naga sharpshooters
  11 thrashing horrors
  2 shock serpents
  Sonja (Lair:2)
  3 sun demons (Abyss:5)
  9 wretched stars
  A spatial maelstrom (Abyss:5)
  3 skeletal warriors
  4 unseen horrors
  A shadow wraith (Abyss:5)
  3 sixfirhies (Abyss:5)
  11 swamp dragons (Swamp:4)
  2 glowing orange brains
  3 naga ritualists
  3 death drakes (Abyss:5)
  3 orc knights (Orc:2)
  A phantasmal warrior (D:15)
  2 deep elf magi (D:13)
  A mana viper (Snake:4)
  2 worldbinders
  13 ugly things
  A manticore (D:15)
  A salamander (Snake:4)
  4 cyclopes
  A fire giant skeleton (Abyss:3)
  A torpor snail (Lair:4)
  2 guardian serpents (shapeshifter) (D:15)
  6 black mambas
  5 guardian serpents
  A rust devil (Abyss:3)
  4 apocalypse crabs
  7 naga magi
  6 cane toads
  4 smoke demons
  2 orange demons (Abyss:5)
  An efreet (D:14)
  A hellion (Abyss:5)
  3 freezing wraiths
  A kobold demonologist (D:14)
  2 komodo dragons
  An ice devil (Abyss:5)
  A komodo dragon (shapeshifter) (D:11)
  2 yaktaurs
  3 ancient zymes
  2 tengu conjurers (D:14)
  A red devil (Abyss:5)
  9 trolls
  A meliai (D:9)
  5 tyrant leeches
  15 hornets
  2 bog bodies
  15 slime creatures
  13 large abominations
  4 hippogriffs
  A raiju (shapeshifter) (Abyss:5)
  Prince Ribbit (Lair:2)
  11 raiju
  A fire giant simulacrum (Abyss:3)
  2 blink frogs (Lair:2)
  A hippogriff (shapeshifter) (D:15)
  4 flying skulls (Abyss:3)
  7 small abominations
  A vampire (Abyss:5)
  4 spriggans
  2 wraiths
  22 yaks
  3 shadows
  3 ynoxinuls (Abyss:5)
  A wyvern (D:12)
  Grum (D:8)
  A basilisk (D:15)
  4 fire bats (Abyss:5)
  A hog (shapeshifter) (D:14)
  A steam dragon (D:14)
  20 vampire mosquitoes
  Edmund (D:4)
  2 spatial vortices (Abyss:5)
  9 chaos spawn
  6 neqoxecs
  Menkaure (D:4)
  5 insubstantial wisps
  5 soldier ants
  32 nagas
  4 wargs
  3 swamp worms (Swamp:4)
  An acid dragon (D:13)
  3 water moccasins
  A floating eye (shapeshifter) (D:15)
  11 swamp drakes
  3 porcupines
  22 orc warriors
  4 ice beasts
  4 black bears
  An eye of draining (D:11)
  A necrophage (D:7)
  4 sky beasts
  15 centaurs
  2 wolves (D:8)
  12 ogres
  9 crocodiles
  2 big kobolds
  17 bullfrogs
  2 gnoll sergeants (D:6)
  A wyvern skeleton (D:8)
  A water moccasin zombie (D:5)
  5 scorpions
  A swamp dragon simulacrum (Abyss:5)
  10 killer bees
  14 wights
  5 howler monkeys
  4 centaur zombies
  9 starcursed masses (Abyss:5)
  3 hounds
  7 jellies
  24 orc wizards
  A bullfrog skeleton (D:5)
  8 centaur skeletons
  A gnoll shaman (D:6)
  10 orc priests
  5 iguanas
  16 worker ants
  13 gnolls (D:6)
  14 adders
  4 shadow imps
  A white imp (D:10)
  4 oozes (D:6)
  2 ufetubi (D:9)
  2 adder zombies
  2 worms
  A dart slug (D:3)
  2 leopard geckos
  80 orcs
  4 bats
  4 giant cockroaches
  4 goblins
  2 hobgoblins (D:1)
  14 kobolds
  2 quokkas
  11 frilled lizards
  A leopard gecko zombie (D:6)
  3 rats
  6 briar patches (Swamp:4)
  A lurking horror (Abyss:5)
  11 starspawn tentacles
892 creatures vanquished.

Vanquished Creatures (collateral kills)
  2 thorn hunters (Swamp:4)
  6 nagarajas (Snake:4)
  7 naga warriors (Snake:4)
  4 naga sharpshooters (Snake:4)
  A spatial maelstrom (Abyss:5)
  A slime creature (Swamp:4)
  2 swamp dragons (Swamp:4)
  A large abomination (Abyss:5)
  A naga ritualist (Snake:4)
  3 naga magi (Snake:4)
  A cane toad (Swamp:4)
  A tyrant leech (Swamp:4)
  A hornet (Swamp:4)
  A raiju (Abyss:5)
  17 nagas (Snake:4)
  3 insubstantial wisps (Swamp:4)
  A swamp worm (Swamp:4)
  A swamp drake (Swamp:1)
  2 orc warriors (Orc:2)
  2 centaurs (Orc:2)
  An orc (Orc:2)
  4 briar patches (Swamp:4)
63 creatures vanquished.

Vanquished Creatures (others)
  A tentacled starspawn (Abyss:5)
  A hydra (Swamp:3)
  A large abomination (Abyss:5)
  2 slime creatures (Swamp:3)
  A cane toad (Swamp:4)
  A hornet (Abyss:5)
  A raiju (Abyss:5)
  A naga (Snake:4)
  An orc priest (D:14)
  An orc wizard (D:14)
  An orc (D:14)
  17 fungi
  12 plants
  16 starspawn tentacles
  6 toadstools (D:6)
63 creatures vanquished.

Grand Total: 1018 creatures vanquished

Notes
Turn   | Place    | Note
-------+----------+-------------------------------------------
     0 | D:1      | Flugslaktarn the Deep Dwarf Fighter began the quest for the
                  | Orb.
     0 | D:1      | Reached XP level 1. HP: 20/20 MP: 1/1
    33 | D:1      | Reached XP level 2. HP: 27/27 MP: 2/2
   236 | D:2      | Reached XP level 3. HP: 28/34 MP: 3/3
   298 | D:2      | Reached skill level 3 in Axes
   383 | D:3      | Reached XP level 4. HP: 20/42 MP: 3/3
   672 | D:4      | Noticed Menkaure
   684 | D:4      | Killed Menkaure
   684 | D:4      | Reached skill level 4 in Axes
   684 | D:4      | Reached XP level 5. HP: 20/50 MP: 3/3
   740 | D:4      | Reached XP level 6. HP: 34/57 MP: 3/3
   982 | D:4      | Noticed Edmund
   988 | D:4      | Killed Edmund
   988 | D:4      | Reached skill level 1 in Dodging
  1017 | D:4      | Reached skill level 5 in Axes
  1240 | D:5      | Entered Level 5 of the Dungeon
  1256 | D:5      | Reached XP level 7. HP: 23/66 MP: 3/3
  1334 | D:5      | Reached skill level 5 in Fighting
  1396 | D:5      | Reached skill level 5 in Armour
  1409 | D:5      | Reached skill level 6 in Axes
  1508 | D:5      | Found a hide-covered altar of Uskayaw.
  1509 | D:5      | Found a snail-covered altar of Cheibriados.
  1509 | D:5      | Found a bloodstained altar of Trog.
  1708 | D:6      | Reached XP level 8. HP: 46/75 MP: 3/3
  1840 | D:6      | Found a staircase to the Ecumenical Temple.
  1855 | Temple   | Entered the Ecumenical Temple
  1919 | Temple   | Became a worshipper of Makhleb the Destroyer
  2139 | D:7      | Reached skill level 7 in Axes
  2142 | D:7      | Reached skill level 1 in Invocations
  2384 | D:7      | Found an opulent altar of Gozag.
  2437 | D:7      | Noticed zikan's ghost (novice DsFi)
  2438 | D:7      | Found a transporter.
  2598 | D:7      | Gained mutation: You passively map the area around you.
                  | [Deep Dwarf growth]
  2598 | D:7      | Reached XP level 9. HP: 42/85 MP: 4/6
  2653 | D:7      | Reached * piety under Makhleb
  2847 | D:7      | Identified the +3 great mace of Tungojyq {vorpal, rPois MR+
                  | Int+2}
  2847 | D:7      | Noticed a two-headed ogre
  2853 | D:7      | Found a transporter.
  3270 | D:8      | Reached skill level 8 in Axes
  3273 | D:8      | Reached skill level 1 in Evocations
  3300 | D:8      | Noticed Grum
  3318 | D:8      | Killed Grum
  3331 | D:8      | Noticed Harold
  3345 | D:8      | Killed Harold
  3345 | D:8      | Reached skill level 5 in Dodging
  3634 | D:8      | Reached skill level 9 in Axes
  3634 | D:8      | Reached XP level 10. HP: 63/96 MP: 6/6
  4307 | D:9      | Noticed a centaur warrior
  4322 | D:9      | Killed a centaur warrior
  4322 | D:9      | Reached skill level 5 in Invocations
  4766 | D:10     | Entered Level 10 of the Dungeon
  4770 | D:10     | Reached ** piety under Makhleb
  4785 | D:10     | Found a staircase to the Orcish Mines.
  4927 | D:10     | Noticed a two-headed ogre
  4940 | D:10     | Killed a two-headed ogre
  4940 | D:10     | Reached skill level 10 in Axes
  4940 | D:10     | Reached skill level 5 in Evocations
  5008 | D:10     | Reached XP level 11. HP: 104/104 MP: 7/7
  5125 | D:10     | Found a staircase to the Lair.
  5202 | D:10     | Reached *** piety under Makhleb
  5483 | D:11     | Noticed a two-headed ogre
  5492 | D:11     | Killed a two-headed ogre
  6272 | D:12     | Noticed a red ugly thing
  6283 | D:12     | Killed a red ugly thing
  6572 | D:12     | Reached **** piety under Makhleb
  6572 | D:12     | Reached skill level 11 in Axes
  6877 | D:12     | Noticed a fire dragon
  6890 | D:12     | Killed a fire dragon
  7267 | D:13     | Noticed a green ugly thing
  7271 | D:13     | Noticed a centaur warrior
  7281 | D:13     | Killed a green ugly thing
  7288 | D:13     | Killed a centaur warrior
  7288 | D:13     | Reached skill level 10 in Fighting
  7288 | D:13     | Reached XP level 12. HP: 105/116 MP: 9/9
  7395 | D:13     | Noticed a tengu warrior
  7404 | D:13     | Killed a tengu warrior
  7448 | D:13     | Noticed a centaur warrior
  7463 | D:13     | Killed a centaur warrior
  7486 | D:13     | Noticed a tengu warrior
  7501 | D:13     | Killed a tengu warrior
  7660 | D:13     | Reached skill level 12 in Axes
  7664 | D:13     | Noticed a death knight
  7689 | D:13     | Killed a death knight
  7689 | D:13     | Reached skill level 5 in Shields
  7775 | D:13     | Noticed an ironheart preserver
  7778 | D:13     | Found a gate to the Vaults.
  7829 | D:13     | Killed an ironheart preserver
  8126 | D:14     | Noticed a rakshasa
  8126 | D:14     | Noticed a two-headed ogre
  8133 | D:14     | Reached ***** piety under Makhleb
  8139 | D:14     | Killed a two-headed ogre
  8156 | D:14     | Killed a rakshasa
  8177 | D:14     | Reached XP level 13. HP: 91/127 MP: 9/9
  8717 | D:14     | Reached skill level 13 in Axes
  8749 | D:14     | You fall into a shaft and drop 1 floor!
  8749 | D:15     | Entered Level 15 of the Dungeon
  8894 | D:14     | Reached skill level 10 in Armour
  8909 | D:14     | Reached skill level 10 in Invocations
  9547 | D:15     | Found a broken altar of Ashenzari.
  9583 | D:15     | Gained mutation: You resist negative energy. (rN+) [Deep
                  | Dwarf growth]
  9583 | D:15     | Reached XP level 14. HP: 130/138 MP: 11/11
  9693 | D:15     | Noticed an entropy weaver
  9697 | D:15     | an entropy weaver changed into a satyr
  9709 | D:15     | Paralysed by a floating eye for 4 turns
  9733 | D:15     | Reached skill level 10 in Evocations
  9756 | D:15     | Noticed Jorgrun
  9779 | D:15     | Killed Jorgrun
  9779 | D:15     | Reached skill level 14 in Axes
  9823 | D:15     | Reached ****** piety under Makhleb
 10018 | D:15     | Found a staircase to the Depths.
 10279 | D:6      | Found a blossoming altar of Fedhas.
 10677 | Lair:1   | Entered Level 1 of the Lair of Beasts
 11014 | Lair:2   | Noticed Sonja
 11049 | Lair:2   | Found a staircase to the Snake Pit.
 11069 | Lair:2   | Killed Sonja
 11136 | Lair:2   | Noticed Prince Ribbit
 11145 | Lair:2   | Killed Prince Ribbit
 12669 | Lair:4   | Found a staircase to the Swamp.
 12720 | Lair:4   | Noticed Snorg
 12740 | Lair:4   | Killed Snorg
 13128 | Orc:1    | Entered Level 1 of the Orcish Mines
 13226 | Orc:2    | Entered Level 2 of the Orcish Mines
 13226 | Orc:2    | Found Xyjoev's Antique Weapon Boutique.
 13272 | Orc:2    | Found a staircase to the Elven Halls.
 13441 | Orc:2    | Found Qoakit's Gadget Shoppe.
 13441 | Orc:2    | Found Ruanegix's General Store.
 13468 | Orc:2    | Found Mimisug's General Store.
 13470 | Orc:2    | Found Jinu's Magic Scroll Emporium.
 13475 | Orc:2    | Bought a scroll of enchant armour for 112 gold pieces
 13477 | Orc:2    | Bought a scroll of enchant armour for 97 gold pieces
 13520 | Orc:2    | Bought the +2 ratskin cloak {*Rats rPois rN+ Str-1 Int-1
                  | Dex+1} for 417 gold pieces
 13520 | Orc:2    | Found the +2 ratskin cloak {*Rats rPois rN+ Str-1 Int-1
                  | Dex+1}
 13527 | Orc:2    | Bought a +4 plate armour of fire resistance for 650 gold
                  | pieces
 13663 | Orc:2    | Found a roughly hewn altar of Beogh.
 13796 | Orc:2    | Found a shimmering blue altar of Sif Muna.
 13959 | Snake:1  | Entered Level 1 of the Snake Pit
 14095 | Snake:2  | Reached skill level 15 in Axes
 14095 | Snake:2  | Reached XP level 15. HP: 147/147 MP: 11/11
 14859 | Snake:4  | Entered Level 4 of the Snake Pit
 14965 | Snake:4  | Noticed an Executioner
 14982 | Snake:4  | Noticed a nagaraja
 14982 | Snake:4  | Noticed a nagaraja
 15032 | Snake:4  | Killed a nagaraja
 15037 | Snake:4  | Killed a nagaraja
 15074 | Snake:4  | Noticed a nagaraja
 15080 | Snake:4  | Killed a nagaraja
 15097 | Snake:4  | Noticed a nagaraja
 15102 | Snake:4  | Killed a nagaraja
 15113 | Snake:4  | Noticed a nagaraja
 15129 | Snake:4  | Killed a nagaraja
 15163 | Snake:4  | Noticed a nagaraja
 15174 | Snake:4  | Noticed a nagaraja
 15176 | Snake:4  | Killed a nagaraja
 15204 | Snake:4  | Killed a nagaraja
 15214 | Snake:4  | Noticed a nagaraja
 15231 | Snake:4  | Killed a nagaraja
 15306 | Snake:4  | Noticed a nagaraja
 15316 | Snake:4  | Killed a nagaraja
 15322 | Snake:4  | Noticed a nagaraja
 15329 | Snake:4  | Killed a nagaraja
 15329 | Snake:4  | Reached skill level 16 in Axes
 15341 | Snake:4  | Noticed a nagaraja
 15349 | Snake:4  | Killed a nagaraja
 15359 | Snake:4  | Noticed a nagaraja
 15370 | Snake:4  | Killed a nagaraja
 15372 | Snake:4  | Reached XP level 16. HP: 88/159 MP: 11/11
 15384 | Snake:4  | Reached skill level 10 in Shields
 15470 | Snake:4  | Got a serpentine rune of Zot
 15787 | Swamp:1  | Entered Level 1 of the Swamp
 15995 | Swamp:4  | Entered Level 4 of the Swamp
 16139 | Swamp:4  | Identified a scroll of acquirement
 16139 | Swamp:4  | Acquired 851 gold pieces
 16209 | Swamp:4  | Noticed a thorn hunter
 16223 | Swamp:4  | Killed a thorn hunter
 16267 | Swamp:4  | Noticed a thorn hunter
 16280 | Swamp:4  | Killed a thorn hunter
 16391 | Swamp:4  | Noticed the 27-headed Lernaean hydra
 16416 | Swamp:4  | Killed the 26-headed Lernaean hydra
 16416 | Swamp:4  | Reached skill level 17 in Axes
 16535 | Swamp:4  | Got a decaying rune of Zot
 16942 | Depths:1 | Entered Level 1 of the Depths
 16955 | D:15     | Gained mutation: Your spells are a little harder to cast,
                  | but a little more powerful. [mutagenic glow]
 16974 | D:15     | Gained mutation: Your flesh is heat resistant. (rF+)
                  | [mutagenic glow]
 17059 | D:15     | Cast into level 3 of the Abyss (unwielding a weapon of
                  | distortion)
 17059 | Abyss:3  | Found a corrupted altar of Lugonu.
 17059 | Abyss:3  | Found a transporter.
 17069 | Abyss:3  | Noticed a tentacled monstrosity
 17083 | Abyss:3  | Killed a tentacled monstrosity
 17100 | Abyss:3  | Reached XP level 17. HP: 111/168 MP: 6/12
 17213 | Abyss:3  | Reached skill level 15 in Fighting
 17316 | Abyss:3  | Gained mutation: You passively map a large area around you.
                  | [a neqoxec]
 17451 | Abyss:3  | Gained mutation: You tend to lose your temper in combat. [a
                  | neqoxec]
 17512 | Abyss:5  | Entered Level 5 of the Abyss
 17604 | Abyss:5  | Gained mutation: You are frail. (-10% HP) [a cacodemon]
 17615 | Abyss:5  | Gained mutation: You are very frail. (-20% HP) [a
                  | cacodemon]
 17617 | Abyss:5  | Gained mutation: Armour fits poorly on your strangely
                  | shaped body. [a cacodemon]
 17735 | Abyss:5  | Noticed a bone dragon
 17795 | Abyss:5  | Killed a bone dragon
 17826 | Abyss:5  | Found a corrupted altar of Lugonu.
 17832 | Abyss:5  | Found a corrupted altar of Lugonu.
 17880 | Abyss:5  | Gained mutation: Scrolls take you a little longer to read.
                  | [a cacodemon]
 17884 | Abyss:5  | Gained mutation: You are occasionally teleported next to
                  | monsters. [a cacodemon]
 17886 | Abyss:5  | Gained mutation: You occasionally shout uncontrollably at
                  | your foes. [a cacodemon]
 17940 | Abyss:5  | Reached skill level 18 in Axes
 18094 | Abyss:5  | Reached skill level 15 in Invocations
 18100 | Abyss:5  | Noticed a bone dragon
 18129 | Abyss:5  | Killed a bone dragon
 18129 | Abyss:5  | Mutation became permanent: You passively map the area
                  | around you. [Deep Dwarf growth]
 18129 | Abyss:5  | Gained mutation: You passively map a large area around you.
                  | [Deep Dwarf growth]
 18129 | Abyss:5  | Reached XP level 18. HP: 107/126 MP: 11/11
 18253 | Abyss:5  | Gained mutation: You sometimes yell uncontrollably at your
                  | foes. [a neqoxec]
 18282 | Abyss:5  | Noticed a lich
 18292 | Abyss:5  | Killed from afar by a lich

Illustrated notes

Levels and vault maps discovered:
D:1:      grunt_arrival_lava_bath, layout_basic, minmay_fountain_box,
          minmay_nonomino_d4
D:2:      layout_loops_ring, minmay_lizard_pond
D:3:      layout_rooms, nicolae_underground_beach
D:4:      layout_basic, uniq_menkaure, uniq_edmund
D:5:      layout_cave_pools, chequers_temple_overflow_statue_of_worship
D:6:      cheibrodos_fertilizer, layout_basic, minmay_temple_entry_mist,
          fedhas_altar_2
D:7:      kennysheep_windowed_halls, layout_basic,
          lemuel_coloured_pillars_altar, gammafunk_ghost_smash
D:8:      layout_loops_cross, uniq_grum, uniq_harold
D:9:      layout_long_grid, minmay_three_doors
D:10:     layout_cave_pools, erik_lair_orcish_takeover, orc_0_dummy
D:11:     layout_grid_maze, minmay_holes
D:12:     minmay_cornered_nines, layout_loops_corners,
          chequers_serial_rivers_micro_d
D:13:     layout_irregular_city, skrybe_vaults_entry_preservation, the_bakery
D:14:     layout_stronghold, lemuel_flamethrower_3
D:15:     gammafunk_enter_depths_forms, layout_basic, ashenzari_altar_1,
          uniq_jorgrun
Temple:   compressed_dpeg_circular_temple
Lair:1:   layout_gridlike, portal_ice_cave_demonic_guard, kb_xom_exploding_sheep
Lair:2:   layout_regular_city, minmay_snake_entry_guardpost_medium,
          nicolae_volcano_entry_s_turn, chequers_serial_rivers_micro_a,
          lemuel_old_faithful, uniq_sonja, uniq_prince_ribbit2
Lair:3:   layout_regular_city
Lair:4:   layout_layer_cave, minmay_swamp_entry_reptiles, uniq_snorg
Swamp:1:  layout_basic_swamp, evilmike_swamp_ruin_house_2, swamp_pool4,
          kb_tengu_band
Swamp:2:  layout_basic_swamp, nicolae_swamp_round_clearing
Swamp:3:  layout_falls_marsh, nicolae_swamp_treefoil
Swamp:4:  swamp_old_school, layout_basic_swamp, infiniplex_staircase_pool_2
Snake:1:  layout_basic, st_stairs_13, drop_trap, nrook_guardian_serpent_ordinary
Snake:2:  layout_layer_cave, uniq_aizul
Snake:3:  layout_grid_maze
Snake:4:  grunt_snake_rune_spirals, layout_onion_interference, st_stairs_6,
          nicolae_coiled_stairwell_up, serial_bayou_shore_b, uniq_vashnia
Orc:1:    layout_caves
Orc:2:    st_orc_rangers, layout_caves, basic_altar, serial_shops, shop,
          led_sif_book
Depths:1: layout_gridville, pf_hell_entry_tar_spiral, serial_sigils,
          serial_sigils_hangedman_scar, serial_sigils_hangedman_writhe,
          serial_sigils_hangedman_carve, serial_sigils_hangedman_snap,
          hangedman_abyss_entry_splay, library_closet, hangedman_decor_growths
Abyss:5:  base: Snake:1, base: D:3, grunt_abyss_rune_forest_and_sorcery,
          hangedman_decor_peaks_small, evilmike_abyss_exit_chaos,
          hangedman_abyss_or_decor_stagger, lemuel_flamethrower_hall,
          doesnt_abyss_rune_brain_food, hangedman_abyss_sting,
          nicolae_abyss_rune_star_stuff, evilmike_abyss_rune_elephants_shrine,
          due_exit_kobolds, minivault_26, nicolae_abyss_rune_left_handed,
          evilmike_abyss_exit_kraken,
          evilmike_nicolae_abyss_rune_containment_curve,
          hangedman_decor_riveting, eino_small_chamber_without_monster,
          nicolae_abyss_rune_star_stuff

Skill      XL: |  1  2  3  4  5  6  7  8  9 10 11 12 13 14 15 16 17 18 |
---------------+-------------------------------------------------------+-----
Fighting       | 3 4 5 6 7 8 10 11 12 13 14 16 | 16.1
Axes           | 3 4 5 6 7 9 10 11 12 13 15 16 17 18 | 18.0
Armour         | 4 5 6 7 8 9 10 11 12 13 14 | 14.1
Shields        | 4 5 7 8 9 11 12 | 12.3
Dodging        | 1 2 4 5 6 7 8 |  8.0
Invocations    | 2 4 6 7 9 10 11 12 13 15 | 15.0
Evocations     | 3 5 6 8 9 10 | 10.0

Action                   |  1- 3 |  4- 6 |  7- 9 | 10-12 | 13-15 | 16-18 || total
-------------------------+-------+-------+-------+-------+-------+-------++-------
Melee: War axe           |    95 |    91 |   307 |   544 |  1020 |   958 ||  3015
Invok: Lesser Servant of |       |       |       |       |     2 |     7 ||     9
       Greater Servant o |       |       |       |       |     9 |     2 ||    11
 Abil: Heal Wounds       |     1 |     4 |    10 |    11 |    15 |    20 ||    61
Evoke: Wand              |       |       |       |     4 |     5 |     6 ||    15
       Condenser vane    |       |       |       |     2 |     7 |     5 ||    14
  Use: Scroll            |       |     8 |     3 |    10 |     5 |     9 ||    35
       Potion            |       |       |       |     5 |     1 |     3 ||     9
 Stab: Distracted        |       |       |       |       |     7 |     5 ||    12
       Confused          |       |       |       |       |       |     1 ||     1
       Petrifying        |       |       |       |       |       |     4 ||     4
       Invisible         |       |       |       |       |       |     1 ||     1
Armor: Scale mail        |    41 |    46 |    38 |       |       |       ||   125
       Plate armour      |       |       |    99 |   317 |   425 |   642 ||  1483
Dodge: Dodged            |    32 |    22 |    53 |   113 |   167 |   243 ||   630
Block: Kite shield       |    68 |    58 |    79 |       |       |       ||   205
       Tower shield      |       |       |   135 |   593 |  1019 |  1066 ||  2813

Table legend: (Time is in decaauts)
 A = Elapsed time spent in this place.
 B = Non-inter-level travel time spent in this place.
 C = Inter-level travel time spent in this place.
 D = Time resting spent in this place.
 E = Time spent auto-exploring this place.
 F = Levels seen in this place.
 G = Mean time per level.
                   A        B        C        D        E       F      G
               +--------+--------+--------+--------+--------+-----+--------+
         Total |  18388 |  16413 |   1975 |    255 |  10904 |  34 |  540.8 |
       Dungeon |  11144 |  10134 |   1010 |    204 |   7089 |  15 |  742.9 |
        Temple |     78 |     59 |     19 |      0 |     57 |   1 |   78.0 |
          Lair |   2636 |   2269 |    367 |      0 |   2001 |   4 |  659.0 |
         Swamp |    944 |    770 |    174 |     19 |    362 |   4 |  236.0 |
     Snake Pit |   1696 |   1352 |    344 |      0 |    738 |   4 |  424.0 |
  Orcish Mines |    729 |    671 |     58 |      0 |    381 |   2 |  364.5 |
        Depths |      1 |      1 |      0 |      0 |      0 |   1 |    1.0 |
         Abyss |   1157 |   1157 |      0 |     32 |    275 |   3 |  385.7 |
               +--------+--------+--------+--------+--------+-----+--------+

Top non-repeatable levels by time:
     D:7: 1300 daAuts
    D:14: 1150 daAuts
    D:12: 1119 daAuts
    D:15: 1055 daAuts
  Lair:4: 977 daAuts
    D:13: 918 daAuts
    D:11: 894 daAuts
     D:9: 860 daAuts
  Lair:2: 839 daAuts
     D:8: 749 daAuts
 Abyss:5: 733 daAuts
 Swamp:4: 683 daAuts
  Lair:3: 668 daAuts
 Snake:4: 664 daAuts
    D:10: 659 daAuts
